 Dungeon Crawl Stone Soup version 0.27-a0-46-g34d46f0a3f (webtiles) character file.

Game seed: 3890968602169947158

17 Borgoz the Ruffian (level 2, -1/25 HPs)
             Began as a Ghoul Gladiator on Jan 6, 2021.
             Slain by an ooze (2 damage)
             ... on level 1 of the Dungeon.
             The game lasted 00:00:20 (157 turns).

Borgoz the Ruffian (Ghoul Gladiator)                 Turns: 157, Time: 00:00:21

Health: -1/25      AC:  4    Str: 17    XL:     2   Next: 62%
Magic:  1/1        EV: 12    Int:  3    God:
Gold:   0          SH:  0    Dex: 10    Spells: 1/1 levels left

rFire    . . .     SeeInvis .     - Unarmed
rCold    + . .     Faith    .   (no shield)
rNeg     + + +     Spirit   .   a - +0 leather armour
rPois    ∞         Reflect  .   b - +0 helmet
rElec    .         Harm     .   (no cloak)
rCorr    .         Rampage  .   (no gloves)
Will     .....                  (no boots)
Stlth    +.........             (no amulet)
HPRegen  0.00/turn              (no ring)
MPRegen  0.07/turn              (no ring)

@: hasted, very quick
A: claws 1, cold resistance 1, negative energy resistance 3, inhibited
regeneration, torment resistance, unbreathing
a: no special abilities


You were on level 1 of the Dungeon.
You visited 1 branch of the dungeon, and saw 1 of its levels.

Inventory:

Missiles
 c - 2 throwing nets (quivered)
Armour
 a - a +0 leather armour (worn)
 b - a +0 helmet (worn)
Scrolls
 e - a scroll of identify {unknown}


   Skills:
 + Level 2.4 Fighting
 - Level 1.7 Throwing
 + Level 0.4 Armour
 * Level 3.0 Dodging
 * Level 3.6 Unarmed Combat


You had one spell level left.
You didn't know any spells.
Your spell library was empty.

Dungeon Overview and Level Annotations

Branches:
Dungeon (1/15)

Altars:


Innate Abilities, Weirdness & Mutations

You thrive by killing the living.
You are immune to poison.
You have sharp fingernails.
Your flesh is cold resistant. (rC+)
You are immune to negative energy. (rN+++)
You do not regenerate when monsters are visible.
You are immune to unholy pain and torment.
You can survive without breathing.


Message History

The hobgoblin is almost dead.
The ooze jiggles.
You scratch the hobgoblin.
You kill the hobgoblin!
You see here a cursed -3 club.
The ooze barely misses you.
You are too injured to fight recklessly!
You are too injured to fight recklessly!
You claw the ooze!
The ooze is heavily wounded.
You scratch the ooze.
The ooze is severely wounded.
The ooze hits you.
* * * LOW HITPOINT WARNING * * *
You scratch the ooze.
The ooze is almost dead.
You scratch the ooze but do no damage.
The ooze is almost dead.
The ooze hits you.
You die...

.#. ##..+ ... ##...# .#
.. #.# #....+ .) ##.. #.#
#....# ....... #.# #....+
.#....# ##.## #...#
......# ###...####..+
......# ##
##...........#####.......
.
...#...#####....@J.......
#.
#####....................
#.##
########...)........(
#..> #.##)###....##
##.###. ###.##.# ......
....... #...)..# ....##
##.#..# #.##.### #.#.#
....... #. #.# #.#.#
##.#..# #. #.# #.#..
#.#..#


You could see an ooze.

Vanquished Creatures
  A gnoll (D:1)
  2 goblins (D:1)
  2 hobgoblins (D:1)
  A ball python (D:1)
  2 bats (D:1)
8 creatures vanquished.

Notes
Turn   | Place    | Note
-------+----------+-------------------------------------------
     0 | D:1      | Borgoz the Ghoul Gladiator began the quest for the Orb.
     0 | D:1      | Reached XP level 1. HP: 17/17 MP: 0/0
   144 | D:1      | Reached XP level 2. HP: 3/25 MP: 1/1
   155 | D:1      | HP: 1/25 [ooze (4)]
   157 | D:1      | Slain by an ooze

Illustrated notes

Levels and vault maps discovered:
D:1:      dpeg_arrival_simpleton_b, layout_loops_ring, minmay_rat_gold_closets

Skill      XL: |  1 |
---------------+----+-----
Dodging        | 3 |  3.0
Fighting       | |  2.4
Throwing       | |  1.7
Armour         | |  0.4
Unarmed Combat | |  3.6

Action                   || total
-------------------------++-------
Melee: Unarmed           ||    24
Throw: Throwing net      ||     1
  Use: Potion            ||     1
 Stab: Held in net/web   ||     1
Armor: Leather armour    ||     6
Dodge: Dodged            ||    10

Table legend: (Time is in decaauts)
 A = Elapsed time spent in this place.
 B = Non-inter-level travel time spent in this place.
 C = Inter-level travel time spent in this place.
 D = Time resting spent in this place.
 E = Time spent auto-exploring this place.
 F = Levels seen in this place.
 G = Mean time per level.
                   A        B        C        D        E       F      G
               +--------+--------+--------+--------+--------+-----+--------+
         Total |    150 |    150 |      0 |      0 |    106 |   1 |  150.0 |
       Dungeon |    150 |    150 |      0 |      0 |    106 |   1 |  150.0 |
               +--------+--------+--------+--------+--------+-----+--------+

Top non-repeatable levels by time:
     D:1: 150 daAuts
